 Dungeon Crawl Stone Soup version 0.29-a0-1052-g6990b1bffc (webtiles) character file.

Game seed: 16425200645621805088

849 spaghetti the Summoner (level 7, 0/46 HPs)
             Began as a Mummy Summoner on Aug 18, 2022.
             Slain by a wight
             ... wielding a +0 long sword
              (3 damage)
             ... in an ossuary.
             The game lasted 00:10:47 (7205 turns).

spaghetti the Summoner (Mummy Summoner)             Turns: 7205, Time: 00:10:47

Health: 0/46       AC:  4    Str: 17    XL:     7   Next: 69%
Magic:  4/11       EV: 12    Int: 17    God:
Gold:   332        SH:  0    Dex: 12    Spells: 5/11 levels left

rFire   . . .      SeeInvis .   e - staff of fire {!astaff}
rCold   + . .      Faith    .   (no shield)
rNeg    + + +      Spirit   .   a - +0 robe
rPois   ∞          Reflect  .   (no helmet)
rElec   .          Harm     .   (no cloak)
rCorr   .          Rampage  .   (no gloves)
Will    .....                   k - +1 pair of boots
Stlth   ++........              (no amulet)
HPRegen 0.15/turn               o - +6 ring of strength
MPRegen 0.12/turn               (no ring)

@: no status effects
A: cold resistance 1, negative energy resistance 3, torment resistance 2, heat
vulnerability 1, in touch with death 1, no potions
a: no special abilities


You were in an ossuary.
You visited 1 branch of the dungeon, and saw 6 of its levels.
You also visited: Ossuary.

You collected 332 gold pieces.


Innate Abilities, Weirdness & Mutations

You are immune to poison.
Your flesh is cold resistant. (rC+)
You are immune to negative energy. (rN+++)
You are immune to unholy pain and torment.
You are vulnerable to heat. (rF-)
You are in touch with the powers of death.
You do not drink.


   Skills:
 - Level 1.5 Dodging
 - Level 1.5 Stealth
 - Level 2.6 Spellcasting
 + Level 8.1 Summonings


You had 5 spell levels left.
You knew the following spells:

 Your Spells              Type           Power      Damage    Failure   Level
a - Summon Small Mammal   Summ           100%       N/A       1%          1
b - Call Imp              Summ           29%        N/A       1%          2
c - Call Canine Familiar  Summ           29%        N/A       1%          3

Your spell library contained the following spells:

 Spells                   Type           Power      Damage    Failure   Level
 Summon Guardian Golem    Hex/Summ       16%        N/A       11%         3
 Apportation              Tloc           4%         N/A       19%         1
 Magic Dart               Conj           8%         1d3       19%         1
 Necrotise                Necr           12%        1d4       19%         1
 Summon Lightning Spire   Summ/Air       16%        N/A       34%         4
 Mephitic Cloud           Conj/Pois/Air  2%         N/A       47%         3
 Irradiate                Conj/Tmut      1%         3d12      99%         5
 Blade Hands              Tmut           Unusable   N/A       N/A         5
 Dragon Form              Tmut           Unusable   N/A       N/A         7

Inventory:

Missiles
 g - 5 atropa-tipped darts {throwing}
 i - 25 stones {throwing}
 j - 7 boomerangs {throwing}
 l - 4 silver boomerangs {throwing}
Armour
 a - a +0 robe (worn)
 k - a +1 pair of boots (worn)
   (You found it on level 3 of the Dungeon)
Magical Staves
 e - a staff of fire (weapon) {!astaff}
   (You found it on level 1 of the Dungeon)
Jewellery
 c - an amulet of the acrobat
   (You found it on level 1 of the Dungeon)
 o - a +6 ring of strength (left hand)
   (You found it on level 5 of the Dungeon)
Wands
 h - a wand of polymorph (9)
   (You found it on level 5 of the Dungeon)
 n - a wand of roots (8)
   (You found it on level 4 of the Dungeon)
Scrolls
 b - 8 scrolls of identify {@r1}
 d - a scroll of enchant weapon
 f - 2 scrolls of magic mapping {!r}
 m - a scroll of vulnerability {!r!r}

Dungeon Overview and Level Annotations

Branches:
Dungeon (6/15) Zot: 26817 Ossuary (1/1) Zot: 5728
 Temple: D:4-7

Altars:
Fedhas
Yredelemnul

Shops:
D:4 !

Annotations:
D:2 1 exclusion, Sigmund

#.# #'# #.#
###.### #W▓.▓z#
###.### #.#
#######'#######
#.........rh@5#
#.+##.###.##z.#
#. z#.#.#r# #
###.## .# ...
.# ... .# !!.##
.# ??.#z .#


You could see a wight (ally target), a friendly hound (summoned), a friendly
crimson imp (summoned) and 2 friendly quokkas.


Message History

There is an open door here.
You barely miss the orc zombie. The orc zombie hits you. 😕 HP[-1]
You take 1 damage, and now have 45/46 hp.
You hit the orc zombie.
The orc zombie hits you but does no damage. 😎 HP[+1] MP[+1]
Your hp is fully restored (46).
You hit the orc zombie but do no damage.
The orc zombie barely misses you.
You hit the orc zombie. The orc zombie hits you. 😕 HP[-1]
You take 1 damage, and now have 45/46 hp.
You hit the orc zombie. The orc zombie barely misses you.
You barely miss the orc zombie.
The orc zombie hits you but does no damage.
Your crimson imp blinks!
You hit the orc zombie.
You destroy the orc zombie! 😎 HP[+1]
Your hp is fully restored (46).
Your hound disappears in a puff of smoke!
You swap places.
There is an open door here.
You open the door.
There is an open door here.
f - 2 scrolls of magic mapping {!r} (gained 1)
You open the door.
There is an open door here.
The flying skull gives a hideous shriek!
Key pressed, stopping explore.
Your crimson imp disappears in a puff of smoke!
You open the door.
There is an open door here.
You open the door.
A wight comes into view.
It is wielding a +0 long sword. 😎 MP[+2]
Your mp is fully restored (11).
A wight is nearby!
You hit the wight but do no damage. The wight barely misses you.
You hit the wight but do no damage. The wight barely misses you.
You hit the wight but do no damage. Your punch misses the wight.
The wight closely misses you. The wight barely misses you.
You hit the wight but do no damage.
The wight hits you with a +0 long sword! 😮 HP[-12]
You take 12 damage, and now have 34/46 hp.
MASSIVE DAMAGE!! (PAUSE)
Casting: Call Canine Familiar (safe; 1% risk of failure)
Confirm with . or Enter, or press ? or * to list all spells.
The wight hits you with a +0 long sword. 😮 HP[-6] MP[-3]
You take 6 damage, and now have 28/46 hp.
You lost 3 mp, and now have 8/11 mp.
Casting: Call Canine Familiar (safe; 1% risk of failure)
Confirm with . or Enter, or press ? or * to list all spells.
A beastly little devil appears in a puff of flame.
Your crimson imp says, "Let's raise havoc!"
Your hound barely misses the wight.
The wight hits you with a +0 long sword!
* * * LOW HITPOINT WARNING * * *
😨 HP[-9] MP[-2]
You take 9 damage, and now have 19/46 hp.
You lost 2 mp, and now have 6/11 mp.
Unknown command.
Casting: Call Imp (safe; 1% risk of failure)
Confirm with . or Enter, or press ? or * to list all spells.
Your hound bites the wight.
The wight hits you with a +0 long sword!
* * * LOW HITPOINT WARNING * * *
Your hound bites the wight but does no damage.
Your crimson imp hits the wight. 😱 HP[-9] MP[-1]
You take 9 damage, and now have 10/46 hp.
You lost 1 mp, and now have 5/11 mp.
Unknown command.
You hit the wight but do no damage.
Your hound bites the wight but does no damage.
Your quokka barely misses the wight.
The wight hits you with a +0 long sword.
* * * LOW HITPOINT WARNING * * *
Your crimson imp hits the wight. 😱 HP[-2]
You take 2 damage, and now have 8/46 hp.
Unknown command.
Casting: Summon Small Mammal (safe; 1% risk of failure)
Confirm with . or Enter, or press ? or * to list all spells.
Your hound barely misses the wight.
Your quokka closely misses the wight.
The wight hits you with a +0 long sword.
* * * LOW HITPOINT WARNING * * *
Your hound barely misses the wight.
Your crimson imp misses the wight. 😱 HP[-5] MP[-1]
You take 5 damage, and now have 3/46 hp.
You lost 1 mp, and now have 4/11 mp.
Unknown command.
You closely miss the wight.
Your hound bites the wight but does no damage.
Your quokka bites the wight but does no damage.
The wight hits you with a +0 long sword.
You die...

Skill      XL: |  1  2  3  4  5  6  7 |
---------------+----------------------+-----
Summonings     | 4 5 6 7 8 |  8.1
Dodging        | |  1.5
Stealth        | |  1.5
Spellcasting   | |  2.6

Action                   |  1- 3 |  4- 6 |  7- 9 || total
-------------------------+-------+-------+-------++-------
Melee: Staff             |   108 |    14 |    56 ||   178
       Punch             |     1 |       |     1 ||     2
 Cast: Summon Small Mamm |    43 |    12 |    10 ||    65
       Call Imp          |     8 |     9 |     4 ||    21
       Call Canine Famil |     5 |     8 |     5 ||    18
Evoke: Wand              |       |     1 |       ||     1
  Use: Scroll            |     4 |     4 |       ||     8
 Stab: Sleeping          |     5 |       |       ||     5
       Distracted        |     1 |     1 |     2 ||     4
Armor: Robe              |    43 |     6 |    13 ||    62
Dodge: Dodged            |   111 |    39 |    35 ||   185

Levels and vault maps discovered:
D:1:      minmay_arrival_radiant_lines, layout_basic,
          shapermc_ecumenical_altar_notcrosses, chequers_serial_rivers_small_a
D:2:      layout_loops_ring, uniq_robin, uniq_sigmund
D:3:      layout_loops_ring, fedhas_altar_4
D:4:      layout_layer_cave, serial_shops, kennysheep_mini_moat
D:5:      layout_cave_pools, kennysheep_little_box, serial_bayou,
          serial_bayou_pond_b, serial_bayou_shore_a, serial_bayou_pond_c,
          serial_bayou_pond_c, corner_web_ring
D:6:      minmay_cornered_nines, layout_basic, enter_ossuary_3, abandoned_shop
Ossuary:  ossuary_due_cavern

Notes
Turn   | Place    | Note
-------+----------+-------------------------------------------
     0 | D:1      | spaghetti the Mummy Summoner began the quest for the Orb.
     0 | D:1      | Reached XP level 1. HP: 13/13 MP: 4/4
     0 | D:1      | magus.rc [v1.9.6]
   410 | D:2      | Noticed Sigmund
   758 | D:1      | Found a faded altar of an unknown god.
  1155 | D:2      | HP: 3/13 [quokka (3)]
  1157 | D:2      | HP: 1/13 [quokka (1)]
  1158 | D:2      | Reached XP level 2. HP: 2/19 MP: 2/5
  2061 | D:3      | Reached skill level 4 in Summonings
  2176 | D:3      | Gained mutation: You are in touch with the powers of death.
                  | [Mummy growth]
  2176 | D:3      | Reached XP level 3. HP: 20/24 MP: 4/7
  2177 | D:3      | You pick up a book of Transfigurations {@e2} and begin
                  | reading...
  2181 | D:3      | Learned a level 2 spell: Call Imp
  2185 | D:3      | Learned a level 3 spell: Call Canine Familiar
  2674 | D:3      | You pick up a book of Minor Magic and begin reading...
  2674 | D:3      | You add the spells Magic Dart and Mephitic Cloud to your
                  | library.
  2800 | D:3      | Found a blossoming altar of Fedhas.
  3915 | D:4      | Found Peytacs's Distillery.
  4190 | D:4      | Reached XP level 4. HP: 18/30 MP: 2/8
  4467 | D:4      | Reached skill level 5 in Summonings
  5092 | D:5      | Entered Level 5 of the Dungeon
  5146 | D:5      | HP: 1/30 [iguana (8)]
  5151 | D:5      | Reached XP level 5. HP: 2/35 MP: 5/9
  5477 | D:5      | Noticed a black bear
  5495 | D:5      | Killed a black bear
  5674 | D:5      | You pick up a book of Cantrips and begin reading...
  5674 | D:5      | You add the spells Necrotise and Apportation to your
                  | library.
  5693 | D:5      | Noticed an ogre
  5706 | D:5      | Killed an ogre
  5707 | D:5      | Reached skill level 6 in Summonings
  5707 | D:5      | Reached XP level 6. HP: 21/41 MP: 2/10
  6023 | D:5      | Noticed a water moccasin
  6035 | D:5      | HP: 6/41 [howler monkey (5)]
  6040 | D:5      | Killed a water moccasin
  6041 | D:5      | Reached skill level 7 in Summonings
  6041 | D:5      | Reached XP level 7. HP: 8/46 MP: 1/11
  6395 | D:5      | Found a basalt altar of Yredelemnul.
  6924 | D:6      | Found a sand-covered staircase.
  6941 | Ossuary  | Entered an ossuary
  7080 | Ossuary  | Reached skill level 8 in Summonings
  7183 | Ossuary  | Noticed a wraith
  7183 | Ossuary  | Noticed a flying skull
  7190 | Ossuary  | Noticed a flying skull
  7192 | Ossuary  | Noticed a flying skull
  7202 | Ossuary  | HP: 10/46 [wight/+0 long sword (9)]
  7204 | Ossuary  | HP: 3/46 [wight/+0 long sword (5)]
  7205 | Ossuary  | Slain by a wight

Vanquished Creatures
  A water moccasin (D:5)
  A phantom (D:6)
  A wight (Ossuary)
  A hound (D:5)
  An adder (D:3)
  2 orcs
  2 ball pythons
  2 giant cockroaches
  2 goblins
  2 hobgoblins
  A quokka (D:5)
  A ball python skeleton (Ossuary)
  A bat (D:3)
  2 frilled lizards
  3 kobolds
  3 orc zombies (Ossuary)
  2 rats
28 creatures vanquished.

Vanquished Creatures (collateral kills)
  A black bear (D:5)
  An ogre (D:5)
  A bullfrog (D:5)
  A scorpion (D:5)
  A howler monkey (D:5)
  2 hounds
  4 iguanas
  5 adders
  An adder zombie (Ossuary)
  2 orcs (D:3)
  A bat (D:2)
  An endoplasm (D:2)
  A goblin (D:4)
  3 hobgoblins
  4 quokkas
  A hobgoblin zombie (Ossuary)
  2 kobolds
  A kobold zombie (Ossuary)
  An orc zombie (Ossuary)
34 creatures vanquished.

Vanquished Creatures (others)
  2 plants (D:5)
2 creatures vanquished.

Grand Total: 64 creatures vanquished

Table legend:
 A = Non-vault XP
 B = Vault XP
 C = Vault XP percentage of total XP
 D = Non-vault monster count
 E = Vault monster count
 F = Vault count percentage of total count
                 A         B        C        D         E       F
            +---------+---------+-------+---------+---------+-------
      Total |     870 |     343 |  28.3 |      48 |      14 |  22.6
            +---------+---------+-------+---------+---------+-------
        D:1 |       7 |       0 |   0.0 |       4 |       0 |   0.0
        D:2 |      22 |       0 |   0.0 |       7 |       0 |   0.0
        D:3 |      57 |       0 |   0.0 |      18 |       0 |   0.0
        D:4 |      85 |       0 |   0.0 |       6 |       0 |   0.0
        D:5 |     575 |     258 |  31.0 |      11 |       5 |  31.2
        D:6 |     124 |       0 |   0.0 |       2 |       0 |   0.0
    Ossuary |       0 |      85 | 100.0 |       0 |       9 | 100.0
            +---------+---------+-------+---------+---------+-------

Illustrated notes

Table legend:
 A = Kills in this place as a percentage of kills in entire the game.
 B = Kills by you in this place as a percentage of kills by you in the entire game.
 C = Kills by friends in this place as a percentage of kills by friends in the entire game.
 D = Other kills in this place as a percentage of other kills in the entire game.
 E = Experience gained in this place as a percentage of experience gained in the entire game.
 F = Experience gained in this place divided by the number of levels of this place that you have seen.
                   A       B       C       D       E      F
               +-------+-------+-------+-------+-------+----------------------
         Total | 100.0 | 100.0 | 100.0 |   N/A | 100.0 | 173.3
       Dungeon |  85.5 |  82.1 |  88.2 |   N/A |  93.0 | 188.0
       Ossuary |  14.5 |  17.9 |  11.8 |   N/A |   7.0 |  85.0
               +-------+-------+-------+-------+-------+----------------------

Table legend: (Time is in decaauts)
 A = Elapsed time spent in this place.
 B = Non-inter-level travel time spent in this place.
 C = Inter-level travel time spent in this place.
 D = Time resting spent in this place.
 E = Time spent auto-exploring this place.
 F = Levels seen in this place.
 G = Mean time per level.
                   A        B        C        D        E       F      G
               +--------+--------+--------+--------+--------+-----+--------+
         Total |   7251 |   7138 |    113 |    143 |   6169 |   7 | 1035.9 |
       Dungeon |   6981 |   6868 |    113 |    143 |   5976 |   6 | 1163.5 |
       Ossuary |    270 |    270 |      0 |      0 |    193 |   1 |  270.0 |
               +--------+--------+--------+--------+--------+-----+--------+

Top non-repeatable levels by time:
     D:3: 1786 daAuts
     D:5: 1684 daAuts
     D:4: 1423 daAuts
     D:2: 997 daAuts
     D:1: 906 daAuts
 Ossuary: 270 daAuts
     D:6: 182 daAuts
